 Dungeon Crawl Stone Soup version 0.30-a0-862-g1aabd4f9c5 (webtiles) character file.

Game seed: 8887291375930203495

765 Racksonjoss101 the Purveyor of Pain (level 7, 0/48 HPs)
             Began as a Demonspawn Necromancer on Mar 3, 2023.
             Was an Initiate of Kikubaaqudgha.
             Slain by Duvessa
             ... wielding a +4 short sword of speed
              (13 damage)
             ... on level 6 of the Dungeon on Mar 9, 2023.
             The game lasted 00:59:55 (6589 turns).

Racksonjoss101 the Purveyor of Pain (DsNe)          Turns: 6589, Time: 00:59:55

Health: 0/48       AC:  7    Str:  8    XL:     7   Next: 51%
Magic:  14/14      EV: 17    Int: 19    God:    Kikubaaqudgha [......]
Gold:   272        SH:  0    Dex: 13    Spells: 10/15 levels left

rFire   . . .      SeeInvis .    x - +3 trident (venom)
rCold   . . .      Faith    .    (no shield)
rNeg    . . .      Spirit   .    a - +1 robe
rPois   .          Reflect  .    (no helmet)
rElec   .          Rampage  .    o - +1 cloak
rCorr   +                        (no gloves)
Will    .....                    L - +0 pair of boots
Stlth   ++                       y - amulet of magic regeneration
HPRegen 0.28/turn                C - +5 ring of evasion
MPRegen 0.54/turn                D - ring of resist corrosion

@: no status effects
A: rugged brown scales 1, spiny 1, condensation shield, demonic touch 2
a: Renounce Religion


You were on level 6 of the Dungeon.
You worshipped Kikubaaqudgha.
Kikubaaqudgha was noncommittal.
You visited 2 branches of the dungeon, and saw 7 of its levels.

You collected 272 gold pieces.

Inventory:

Hand Weapons
 n - a +3 quarterstaff of chaos
 x - a +3 trident of venom (weapon)
 J - the +1 hand axe of Qughaoma {heavy, rN+ rCorr Dex-5}
   (You found it on level 5 of the Dungeon)

   Dex:       It affects your dexterity (-5).
   rN:        It protects you from negative energy.
   rCorr:     It protects you from acid and corrosion.
Missiles
 d - 74 stones
 i - 2 boomerangs (quivered)
Armour
 a - a +1 robe (worn)
 o - a +1 cloak (worn)
 I - a +0 robe
 K - an orb of mayhem
 L - a +0 pair of boots (worn)
 S - a +0 scale mail
Jewellery
 y - an amulet of magic regeneration (around neck)
 C - a +5 ring of evasion (left hand)
 D - a ring of resist corrosion (right hand)
Wands
 g - a wand of flame (27)
 s - a wand of mindburst (10)
 t - a wand of iceblast (6)
Scrolls
 f - a scroll of noise
 l - a scroll of immolation {unknown}
 u - a scroll of fear
 w - a scroll of fog {unknown}
 M - a scroll of amnesia {unknown}
 N - 3 scrolls of teleportation {unknown}
 P - a scroll of brand weapon {unknown}
 Q - a scroll of blinking {unknown}
 R - 2 scrolls of vulnerability {unknown}
Potions
 b - 2 potions of magic
 k - a potion of mutation {unknown}
 m - 2 potions of ambrosia
 r - a potion of invisibility {unknown}
 v - a potion of haste {unknown}
 z - a potion of degeneration {unknown}
 E - 2 potions of cancellation
 F - 2 potions of brilliance


   Skills:
 + Level 0.7 Fighting
 + Level 1.0 Long Blades
 + Level 1.1 Staves
 + Level 3.0 Dodging
 + Level 2.1 Stealth
 + Level 4.9 Spellcasting
 + Level 7.3 Necromancy
 + Level 0.8 Evocations


You had 10 spell levels left.
You knew the following spells:

 Your Spells              Type           Power      Damage    Failure   Level
a - Necrotise             Necr           100%       1d9       1%          1
b - Sting                 Tmut/Pois      16%        1d3       13%         1
c - Vampiric Draining     Necr           32%        2d8       1%          3

Your spell library contained the following spells:

 Spells                   Type           Power      Damage    Failure   Level
 Animate Dead             Necr           32%        N/A       6%          4
 Freeze                   Ice            16%        1d4       13%         1
 Agony                    Necr           32%        N/A       17%         5
 Poisonous Vapours        Pois/Air       8%         N/A       19%         2
 Frozen Ramparts          Ice            8%         1d2       36%         3
 Hailstorm                Conj/Ice       4%         3d4       36%         3
 Olgreb's Toxic Radiance  Pois           4%         N/A       77%         4


Dungeon Overview and Level Annotations

Branches:
Dungeon (6/15)             Temple (1/1) D:4

Altars:
Ashenzari
Cheibriados
Dithmenos
Fedhas
Gozag
Hepliaklqana
Kikubaaqudgha
Makhleb
Nemelex Xobeh
Okawaru
Qazlal
Ru
Sif Muna
Trog
Uskayaw
Wu Jian
Xom
Yredelemnul

Annotations:
D:6 Dowan, Duvessa


Innate Abilities, Weirdness & Mutations

You are partially covered in rugged brown scales. (AC +1, +3% HP)
You are partially covered in sharp spines.
A meltable shield of frost defends you. (SH +0)
Your touch may inflict irresistible damage on your foes.


Message History

There is an open door here.
Found a stone staircase leading down.
Found a stone staircase leading down.
Dowan, Brother of Duvessa comes into view.
He is wielding a +1 dagger of venom.
Dowan is nearby!
Dowan is nearby!
Duvessa, Sister of Dowan comes into view.
She is wielding a +4 short sword of speed and wearing a +3 leather armour of willpower.
Found a scroll labelled EHUOGI SEOSHRIS.
Duvessa shouts!
Dowan casts a spell at Duvessa.
Duvessa seems to speed up.
Aiming: Mindburst
Press: ? - help, Shift-Dir - straight line, f - Duvessa
Aim: Duvessa, wielding a +4 short sword of speed and wearing a +3 leather armour of willpower (fast, chance to affect: 18%) Duvessa resists with almost no effort.
You block Duvessa's attack.
Casting: Necrotise (safe; 1% risk of failure)
Confirm with . or Enter, or press ? or * to list all spells.
Aiming: Necrotise (safe; 1% risk of failure)
Press: ? - help, Shift-Dir - straight line, f/p - Duvessa
Aim: Duvessa, wielding a +4 short sword of speed and wearing a +3 leather armour of willpower (fast, chance to affect: 35%) Duvessa easily resists.
Duvessa barely misses you.
Duvessa hits you with a +4 short sword of speed!
Duvessa hits you with a +4 short sword of speed.
You barely miss Duvessa. Duvessa completely misses you.
Duvessa hits you with a +4 short sword of speed.
Duvessa is struck by your spines. Duvessa misses you.
Duvessa attacks as you move away! Duvessa hits you but does no damage.
Duvessa is struck by your spines.
Duvessa hits you with a +4 short sword of speed.
Duvessa completely misses you.
You barely miss Duvessa.
Duvessa is lightly wounded.
Duvessa says, "My weaknesses are his strengths!"
Dowan casts a spell at you. The puff of flame hits you!
Your condensation shield dissipates!
* * * LOW HITPOINT WARNING * * *
Duvessa hits you with a +4 short sword of speed!
You die...
Kikubaaqudgha rasps: "You have failed me!
Welcome... death!"

.# #.# ## #.# .. #.# #.. .#
#.# #.. ### .# #.# #.. ..#
.# #.# #.# #.# .# ..
####.##### #.###.# .# ....
#........# #.#.#.##.#.....
#...#.###.####..@.e.........
................e...........
......###>###.#...####......
.#.#### #.# #.##.## #.....
>#. ..# #.#### #.... # ####
#.# #.?. #.# #+# #.# #.#


You could see Duvessa (fast) and Dowan.

Vanquished Creatures
  2 phantoms
  A gnoll sergeant (D:5)
  2 orc priests
  2 jellies (D:5)
  2 hounds
  Crazy Yiuf (D:2)
  3 iguanas
  An orc wizard (D:5)
  Natasha (thrice) (D:2)
  3 gnolls (D:5)
  6 adders
  An ufetubus (D:5)
  2 worms
  4 dart slugs
  10 orcs
  7 ball pythons
  6 endoplasms
  3 giant cockroaches
  5 goblins
  4 hobgoblins
  5 quokkas
  2 bats (D:1)
  3 frilled lizards
  10 kobolds
  6 rats
94 creatures vanquished.

Vanquished Creatures (collateral kills)
  A frilled lizard (D:1)
1 creature vanquished.

Vanquished Creatures (others)
  6 plants (D:3)
6 creatures vanquished.

Grand Total: 101 creatures vanquished

Notes
Turn   | Place    | Note
-------+----------+-------------------------------------------
     0 | D:1      | Racksonjoss101 the Demonspawn Necromancer began the quest
                  | for the Orb.
     0 | D:1      | Reached XP level 1. HP: 13/13 MP: 3/3
   316 | D:1      | Gained mutation: Your touch may inflict minor irresistible
                  | damage on your foes. [demonic ancestry]
   316 | D:1      | Reached XP level 2. HP: 19/19 MP: 3/5
   513 | D:1      | Learned a level 1 spell: Sting
   743 | D:1      | Reached skill level 5 in Necromancy
  1145 | D:2      | Gained mutation: You are partially covered in rugged brown
                  | scales. (AC +1, +3% HP) [demonic ancestry]
  1145 | D:2      | Reached XP level 3. HP: 18/24 MP: 3/6
  1547 | D:2      | You fall into a shaft and drop 2 floors!
  1589 | D:4      | Reached XP level 4. HP: 27/30 MP: 1/8
  1653 | D:4      | Noticed a phantom
  1690 | D:4      | Upgraded the game from 0.30-a0-847-g17996783a1 to
                  | 0.30-a0-860-g512cf1e979
  1745 | D:3      | Killed a phantom
  1746 | D:3      | Reached skill level 1 in Long Blades
  1746 | D:3      | Gained mutation: Your touch may inflict irresistible damage
                  | on your foes. [demonic ancestry]
  1746 | D:3      | Reached XP level 5. HP: 7/37 MP: 8/10
  2488 | D:3      | Found a faded altar of an unknown god.
  3255 | D:2      | Noticed Natasha
  3260 | D:2      | Killed Natasha
  3451 | D:2      | Noticed Natasha
  3456 | D:2      | Killed Natasha
  3457 | D:2      | Reached skill level 6 in Necromancy
  3459 | D:2      | Noticed Natasha
  3468 | D:2      | Killed Natasha
  3469 | D:2      | Gained mutation: A meltable shield of frost defends you.
                  | (SH +0) [demonic ancestry]
  3469 | D:2      | Reached XP level 6. HP: 37/43 MP: 2/11
  3719 | D:2      | Found a runed translucent door.
  3720 | D:2      | Noticed Crazy Yiuf
  3726 | D:2      | Killed Crazy Yiuf
  4077 | D:4      | Learned a level 3 spell: Vampiric Draining
  4329 | D:4      | Found a staircase to the Ecumenical Temple.
  4450 | Temple   | Entered the Ecumenical Temple
  4698 | Temple   | Became a worshipper of Kikubaaqudgha
  4807 | D:5      | Entered Level 5 of the Dungeon
  4920 | D:5      | Upgraded the game from 0.30-a0-860-g512cf1e979 to
                  | 0.30-a0-862-g1aabd4f9c5
  5025 | D:5      | Reached skill level 7 in Necromancy
  5327 | D:5      | Identified the +1 hand axe of Qughaoma {heavy, rN+ rCorr
                  | Dex-5}
  5520 | D:5      | Gained mutation: You are partially covered in sharp spines.
                  | [demonic ancestry]
  5520 | D:5      | Reached XP level 7. HP: 35/48 MP: 13/13
  6225 | D:5      | Reached skill level 1 in Staves
  6576 | D:6      | Noticed Dowan
  6578 | D:6      | Noticed Duvessa
  6589 | D:6      | Slain by Duvessa

Illustrated notes

Levels and vault maps discovered:
D:1:      minmay_arrival_hallway, layout_basic
D:2:      layout_loops_ring, kennysheep_cross_bottleneck, minmay_box_of_dots,
          uniq_crazy_yiuf_cottage, uniq_natasha
D:3:      cheibrodos_old_hovel, layout_basic, nicolae_ecumenical_oubliette,
          minmay_misc_feat_more_columns, minmay_quadrilaterals
D:4:      layout_cave_pools, minmay_temple_entry_proselytizer
D:5:      layout_basic
D:6:      layout_loops_corners, uniq_duvessa, uniq_eustachio
Temple:   nicolae_temple_the_god_donut

Skill      XL: |  1  2  3  4  5  6  7 |
---------------+----------------------+-----
Necromancy     | 5 6 7 |  7.3
Spellcasting   | 3 4 |  4.9
Long Blades    | 1 |  1.0
Dodging        | 2 3 |  3.0
Stealth        | 2 |  2.1
Staves         | 1 |  1.1
Fighting       | |  0.7
Evocations     | |  0.8

Action                     |  1- 3 |  4- 6 |  7- 9 || total
---------------------------+-------+-------+-------++-------
  Melee: Long sword        |     9 |    25 |       ||    34
         Touch             |     1 |     9 |       ||    10
         Punch             |       |     2 |       ||     2
         Quarterstaff      |       |    19 |     3 ||    22
         Trident           |       |       |     4 ||     4
  Throw: Stone             |       |     1 |       ||     1
   Cast: Necrotise         |    63 |    83 |    17 ||   163
         Vampiric Draining |       |    10 |       ||    10
  Evoke: Wand              |       |       |     4 ||     4
    Use: Scroll            |     3 |     9 |     1 ||    13
         Potion            |       |     2 |     2 ||     4
   Stab: Sleeping          |     1 |       |       ||     1
 Armour: Robe              |     4 |    13 |     3 ||    20
  Dodge: Dodged            |    33 |    90 |    17 ||   140
  Block: Other             |       |     7 |     6 ||    13

Table legend: (Time is in decaauts)
 A = Elapsed time spent in this place.
 B = Non-inter-level travel time spent in this place.
 C = Inter-level travel time spent in this place.
 D = Time resting spent in this place.
 E = Time spent auto-exploring this place.
 F = Levels seen in this place.
 G = Mean time per level.
                   A        B        C        D        E       F      G
               +--------+--------+--------+--------+--------+-----+--------+
         Total |   6624 |   5664 |    960 |    717 |      0 |   7 |  946.3 |
       Dungeon |   6359 |   5399 |    960 |    717 |      0 |   6 | 1059.8 |
        Temple |    264 |    264 |      0 |      0 |      0 |   1 |  264.0 |
               +--------+--------+--------+--------+--------+-----+--------+

Top non-repeatable levels by time:
     D:5: 1597 daAuts
     D:3: 1488 daAuts
     D:1: 1115 daAuts
     D:2: 1112 daAuts
     D:4: 855 daAuts
  Temple: 264 daAuts
     D:6: 190 daAuts
